 Dungeon Crawl Stone Soup version 0.24.0-37-gcf1ca852f1 (webtiles) character file.

Game seed: 12982106613820974088, levelgen mode: deterministic

8 Descartes the Grasshopper (level 2, -1/13 HPs)
             Began as a Felid Warper on Nov 27, 2019.
             Slain by a hobgoblin
             ... wielding a +0 club
              (4 damage)
             ... on level 1 of the Dungeon.
             The game lasted 00:01:53 (841 turns).

Descartes the Grasshopper (Felid Warper)             Turns: 841, Time: 00:01:54

Health: -1/13      AC:  1    Str:  7    XL:     2   Next: 0%
Magic:  6/6        EV: 18    Int: 14    God:
Gold:   21         SH:  0    Dex: 15    Spells: 5/5 levels left
                                        Lives:  0   Deaths: 0

rFire    . . .     SeeInvis +     - Unarmed
rCold    . . .     Gourm    .   (shield unavailable)
rNeg     . . .     Faith    .   (armour unavailable)
rPois    .         Spirit   .   (helmet unavailable)
rElec    .         Reflect  .   (cloak unavailable)
rCorr    .         Harm     .   (gloves unavailable)
MR       .....                  (boots unavailable)
Stlth    ++........             (no amulet)
HPRegen  0.04/turn              (no ring)
MPRegen  0.10/turn              (no ring)

@: quick
A: very small, no armour, no weapons or thrown items, stealth, claws 1, fangs 3,
see invisible, carnivore, speed 1, shaggy fur 1, slow metabolism 1, sharp paws
a: no special abilities


You were on level 1 of the Dungeon.
You were completely stuffed.

You visited 1 branch of the dungeon, and saw 1 of its levels.

You collected 21 gold pieces.

Inventory:

Missiles
 d - 12 arrows
Scrolls
 a - a scroll of identify {unknown}
 b - a scroll of blinking
 f - a scroll of fog {unknown}
Potions
 e - a potion of brilliance {unknown}
Comestibles
 c - 3 rations


   Skills:
 + Level 2.1 Fighting
 + Level 3.3 Dodging
 + Level 0.6 Stealth
 * Level 2.3 Unarmed Combat
 + Level 2.1 Spellcasting
   Level 4.4 Translocations


You had 5 spell levels left.
You didn't know any spells.
Your spell library contained the following spells:

 Spells                   Type           Power        Failure   Level  Hunger
 Blink                    Tloc           N/A          6%          2    ###....
 Gell's Gravitas          Tloc           ##........   12%         3    ####...
 Lesser Beckoning         Tloc           ##........   12%         3    ####...
 Teleport Other           Tloc           ##......     12%         3    ####...
 Shroud of Golubria       Chrm/Tloc      #.....       14%         2    ###....
 Passage of Golubria      Tloc           N/A          36%         4    #####..


Dungeon Overview and Level Annotations

Branches:
Dungeon (1/15)

Altars:


Innate Abilities, Weirdness & Mutations

You cannot wear armour.
You are incapable of wielding weapons or throwing items.
Your paws allow you to move quietly. (Stealth)
You have sharp claws.
You have razor-sharp teeth.
You have supernaturally acute eyesight. (SInv)
You are carnivorous and can eat meat at any time.
You cover ground quickly.
You are covered in fur. (AC +1)
You have a slow metabolism.
Your sharp claws are effective at attacking unaware monsters.


Message History

Eating a chunk of flesh.
You eat the chunk of flesh.
This raw flesh tastes great.
A frilled lizard comes into view.
Found a ration.
You don't know any spells.
A rat and a hobgoblin come into view.
The hobgoblin shouts!
Found 15 stones.
The frilled lizard completely misses you.
The hobgoblin misses you.
You closely miss the hobgoblin. The frilled lizard barely misses you.
The hobgoblin hits you with a +0 club.
You scratch the hobgoblin. Your bite misses the hobgoblin.
The hobgoblin is severely wounded.
The frilled lizard misses you. The hobgoblin hits you with a +0 club!
Ouch! That really hurt!
* * * LOW HITPOINT WARNING * * *
The hobgoblin hits you with a +0 club.
You die...

.( . ....# .#.
#.#.# ##.# ....# #
#..###...####
#.##.?..#?......
#..%.......#
..#...l##..##
###rg#..รท#
#@##.#.# #..#...#.#
##.##.##.#
#.......###########
#######............
#############


You could see a hobgoblin, a frilled lizard and a rat.

Vanquished Creatures
  A giant cockroach (D:1)
  2 jackals (D:1)
  2 kobolds (D:1)
  A ball python (D:1)
  2 rats (D:1)
8 creatures vanquished.

Notes
Turn   | Place    | Note
-------+----------+-------------------------------------------
     0 | D:1      | Descartes the Felid Warper began the quest for the Orb.
     0 | D:1      | Reached XP level 1. HP: 9/9 MP: 4/4
   829 | D:1      | Reached XP level 2. HP: 13/13 MP: 6/6
   841 | D:1      | Slain by a hobgoblin

Levels and vault maps discovered:
D:1:      eino_arrival_cavern_e, layout_basic, minmay_pentomino_z4

Action                   || total
-------------------------++-------
Melee: Unarmed           ||    45
       Bite              ||     3
 Stab: Sleeping          ||     2
  Eat: Chunk             ||     7
Armor: Skin              ||     1
Dodge: Dodged            ||    42
